 Dungeon Crawl Stone Soup version 0.25-a0-835-gb37b1c2 (webtiles) character file.

Game seed: 6568783956422875475, levelgen mode: deterministic

108 MrTaco21 the Cudgeler (level 4, -2/28 HPs)
             Began as a Gargoyle Fighter on Apr 23, 2020.
             Was an Initiate of Qazlal.
             Slain by an orc
             ... wielding a +0 war axe
              (5 damage)
             ... on level 3 of the Dungeon.
             The game lasted 00:03:06 (1887 turns).

MrTaco21 the Cudgeler (Gargoyle Fighter)            Turns: 1887, Time: 00:03:07

Health: -2/28      AC: 10    Str: 18    XL:     4   Next: 87%
Magic:  4/4        EV:  7    Int:  9    God:    Qazlal [......]
Gold:   130        SH:  8    Dex:  9    Spells: 3/3 levels left

rFire    . . .     SeeInvis +   a - +0 flail
rCold    . . .     Gourm    .   c - +0 kite shield
rNeg     + . .     Faith    .   b - +0 scale mail
rPois    ∞         Spirit   .   (no helmet)
rElec    +         Reflect  .   (no cloak)
rCorr    .         Harm     .   (no gloves)
MR       .....                  (no boots)
Stlth    ..........             (no amulet)
HPRegen  0.09/turn              z - ring of see invisible
MPRegen  0.09/turn              g - -2 ring of strength (curse)

@: no status effects
A: negative energy resistance 1, electricity resistance, unbreathing,
petrification resistance, rot immunity, AC +3
a: Renounce Religion


You were on level 3 of the Dungeon.
You worshipped Qazlal.
Qazlal was noncommittal.
You were hungry.

You visited 1 branch of the dungeon, and saw 3 of its levels.

You collected 130 gold pieces.

Inventory:

Hand Weapons
 a - a +0 flail (weapon)
Missiles
 l - 21 poisoned darts (quivered)
Armour
 b - a +0 scale mail (worn)
 c - a +0 kite shield (worn)
Jewellery
 g - a cursed -2 ring of strength (right hand)
   (You found it on level 3 of the Dungeon)
 z - a ring of see invisible (left hand)
   (You found it on level 2 of the Dungeon)
Scrolls
 h - a scroll of noise {!r}
 i - 2 scrolls of identify {@r1}
Potions
 d - 2 potions of might
 f - 3 potions of lignification {unknown}
 j - a potion of berserk rage {unknown}
 k - a potion of curing {unknown}
Comestibles
 e - 3 rations {!d}
 m - 6 chunks of flesh


   Skills:
 - Level 3.2 Fighting
 + Level 4.9 Maces & Flails
 - Level 3.2 Armour
 - Level 3.2 Shields


You had 3 spell levels left.
You didn't know any spells.
Your spell library was empty.

Dungeon Overview and Level Annotations

Branches:
Dungeon (3/15)

Altars:
Dithmenos
Qazlal


Innate Abilities, Weirdness & Mutations

You are resistant to torment.
Your stone body is resilient. (AC +3)
You are immune to poison.
You resist negative energy. (rN+)
You are resistant to electric shocks. (rElec)
You can survive without breathing.
You are immune to petrification.
You are immune to rotting.


Message History

The orc wizard closely misses you.
Unknown command.
You feel less confused.
Unknown command.
You completely miss the orc priest.
The orc priest hits you but does no damage.
The goblin hits you but does no damage. The worm bites you.
* * * LOW HITPOINT WARNING * * *
Unknown command.
You closely miss the orc priest. The orc hits you but does no damage.
You block the goblin's attack.
The orc priest hits you but does no damage.
You block the worm's attack. The orc barely misses you.
The goblin closely misses you.
Unknown command.
You barely miss the orc priest. You block the orc priest's attack.
You block the goblin's attack. The worm bites you.
* * * LOW HITPOINT WARNING * * *
Unknown command.
You thump the orc!
You kill the orc!
Qazlal accepts your kill. You block the goblin's attack.
You completely miss the orc. The goblin hits you but does no damage.
You block the worm's attack. You block the orc's attack.
The orc priest hits you but does no damage.
You hit the orc but do no damage. The goblin hits you but does no damage.
The orc barely misses you. You block the orc priest's attack.
The worm bites you.
* * * LOW HITPOINT WARNING * * *
The goblin completely misses you. You block the orc wizard's attack.
You are feeling hungry.
You hit the orc priest.
The orc priest hits you but does no damage.
The orc hits you with a +0 war axe.
* * * LOW HITPOINT WARNING * * *
The goblin hits you but does no damage. You block the orc wizard's attack.
The worm bites you but does no damage.
You sock the orc priest!
The orc priest hits you but does no damage.
You block the orc's attack. You block the goblin's attack.
The orc wizard hits you but does no damage.
Unknown command.
Your shield prevents you from hitting the orc priest.
The orc priest hits you but does no damage.
The goblin hits you but does no damage. You block the worm's attack.
Unknown command.
You closely miss the orc priest. You block the orc priest's attack.
The goblin hits you but does no damage. The orc hits you with a +0 war axe.
You die...

#.#.....##########+##
.........#..........#
.........#..........#
.........#..........#
.........#..........#
.........#^.........#
#'#.###########.o...# #.#.#
#.....#wog..####
#.#.#####..#).#o@o.....#
#.#....##.###.####'#.#.#
#.#....##..#..# #.#.#.#
#.#....##..)..# #.#.#.#
#.#....####'### #.#.#.#
#.#..(.##.....# #.#.#.#
#.#....##.....####.#.#.#
÷.#....''.....'......#.#######
.......##.....####.###.......###


You could see a worm, an orc priest, an orc wizard, 2 orcs and a goblin.

Vanquished Creatures
  A gnoll (D:3)
  4 adders
  An ooze (D:1)
  2 worms
  2 dart slugs (D:1)
  An orc (D:3)
  2 ball pythons (D:2)
  5 giant cockroaches
  4 goblins
  2 hobgoblins
  10 bats
  3 frilled lizards
  5 kobolds (D:2)
  9 rats
51 creatures vanquished.

Notes
Turn   | Place    | Note
-------+----------+-------------------------------------------
     0 | D:1      | MrTaco21 the Gargoyle Fighter began the quest for the Orb.
     0 | D:1      | Reached XP level 1. HP: 14/14 MP: 1/1
    52 | D:1      | Reached XP level 2. HP: 16/19 MP: 2/2
   193 | D:1      | Reached skill level 3 in Maces & Flails
   358 | D:1      | You fall into a shaft and drop 1 floor!
   358 | D:2      | Found a shadowy altar of Dithmenos.
   370 | D:2      | Reached XP level 3. HP: 20/23 MP: 3/3
   605 | D:2      | Reached skill level 4 in Maces & Flails
   614 | D:2      | Found a stormy altar of Qazlal.
   620 | D:2      | Became a worshipper of Qazlal Stormbringer
   714 | D:2      | Reached XP level 4. HP: 21/28 MP: 4/4
   927 | D:2      | Noticed an ogre
  1887 | D:3      | Slain by an orc

Levels and vault maps discovered:
D:1:      giann_bridges, layout_loops_ring
D:2:      layout_loops_ring, grunt_dithmenos_smoke_and_mirrors,
          grunt_qazlal_clouds, first_ration, minmay_misc_feat_secret_circle,
          kennysheep_decorative_pillar
D:3:      layout_basic, minmay_misc_feat_iff, kennysheep_generic_room_13

Skill      XL: |  1  2  3 |
---------------+----------+-----
Maces & Flails | 3 4 |  4.9
Fighting       | |  3.2
Armour         | |  3.2
Shields        | |  3.2

Action                   |  1- 3 |  4- 6 || total
-------------------------+-------+-------++-------
Melee: Flail             |   115 |    83 ||   198
  Use: Scroll            |       |     2 ||     2
  Eat: Chunk             |       |     3 ||     3
Armor: Scale mail        |    76 |    51 ||   127
Dodge: Dodged            |    51 |    25 ||    76
Block: Kite shield       |    78 |    49 ||   127

Table legend:
 A = Non-vault XP
 B = Vault XP
 C = Vault XP percentage of total XP
 D = Non-vault monster count
 E = Vault monster count
 F = Vault count percentage of total count
                 A         B        C        D         E       F
            +---------+---------+-------+---------+---------+-------
      Total |     140 |      15 |   9.7 |      50 |       1 |   2.0
            +---------+---------+-------+---------+---------+-------
        D:1 |      34 |       0 |   0.0 |      16 |       0 |   0.0
        D:2 |      80 |       0 |   0.0 |      26 |       0 |   0.0
        D:3 |      26 |      15 |  36.6 |       8 |       1 |  11.1
            +---------+---------+-------+---------+---------+-------
